AoeStats
← 客官

Arabia

509553157Analyzed
1v1 RM · 6d ago on Sep 27, 2026· 29m 45s· 2 players
Game mode
Random Map
Map size
Tiny (2 player)
Population
200
Speed
Normal
Resources
Standard
Victory
Conquest
Starting age
Dark Age
Ending age
Imperial Age
RankedLock teamsTeams togetherTeam positionsShared explorationLock speedFull tech treeHidden civsTurbo modeCheats
Victory
Defeat
🇨🇳 Magyars · China
1485
+10
🇦🇷 Berbers · Argentina
1360
-10
客官
7:09 Loom
8:59 Feudal Age
10:25 Double-Bit Axe
11:53 Wheelbarrow
11:17 Man-at-Arms
19:55 Town Watch
20:06 Horse Collar
23:11 Castle Age
22:48 Scale Barding Armor
22:27 Horse Collar
23:04 Gold Mining
23:36 Bloodlines
23:57 Husbandry
24:31 Chain Barding Armor
29:55 Stone Mining
[BTJ'] arancito
7:13 Loom
9:45 Feudal Age
9:49 Man-at-Arms
10:17 Double-Bit Axe
23:08 Castle Age
21:48 Fletching
23:46 Bodkin Arrow
23:58 Crossbowman
25:03 Pikeman
25:45 Scale Mail Armor
27:39 Guard Tower
Connection lost

Rejoining the realm…

Still unreachable

The connection could not be restored.

Session expired

The server has moved on; the page needs a fresh start.